 Dungeon Crawl Stone Soup version 0.16-a0-4127-g24fbb24 (webtiles) character file.

151 Medar the Bolt Thrower (level 5, -2/38 HPs)
             Began as a Mummy Hunter on Mar 3, 2015.
             Killed from afar by an orc wizard (12 damage)
             ... with a puff of flame
             ... on level 3 of the Dungeon.
             The game lasted 00:09:38 (5226 turns).

Medar the Bolt Thrower (Mummy Hunter)               Turns: 5226, Time: 00:09:39

Health: -2/38      AC:  6    Str: 16    XL:     5   Next: 11%
Magic:  5/5        EV: 11    Int: 10    God:
Gold:   41         SH:  0    Dex: 12    Spells: 0 memorised, 4 levels left

rFire  x . .     SeeInvis .     b - +1 hand crossbow
rCold  + . .     Clarity  .     f - +0 ring mail
rNeg   + + +     SustAb   .     (no shield)
rPois  ∞         Gourm    .     (no helmet)
rElec  .         Spirit   .     (no cloak)
rCorr  .         Warding  .     i - +0 pair of gloves
rMut   .         Stasis   .     (no boots)
MR     .....                    (no amulet)
Stlth  +.........               (no ring)
                                (no ring)

@: not resistant to hostile enchantments, very unstealthy
A: no food or potions, fire vulnerability, restore body, cold resistance 1,
negative energy resistance 3, poison resistance, torment resistance, unbreathing
a: no special abilities


You were on level 3 of the Dungeon.
You were not hungry.

You visited 1 branch of the dungeon, and saw 3 of its levels.

You collected 41 gold pieces.

Inventory:

Hand weapons
 a - a +0 short sword
 b - a +1 hand crossbow (weapon)
Missiles
 c - 37 bolts (quivered)
 d - 10 poisoned needles
 g - 5 curare-tipped needles
Armour
 f - a +0 ring mail (worn)
 i - a +0 pair of gloves (worn)
Magical devices
 h - a wand of polymorph (9)
Scrolls
 e - a scroll of amnesia


   Skills:
 - Level 2.0 Fighting
 + Level 3.4 Short Blades
 + Level 3.8 Crossbows
 - Level 1.5 Dodging
 - Level 0.7 Stealth


You had 4 spell levels left.
You didn't know any spells.

Dungeon Overview and Level Annotations

Branches:
Dungeon (3/15)

Altars:

Annotations:
D:2 Ijyb, Sigmund


Innate Abilities, Weirdness & Mutations

You do not eat or drink.
Your flesh is vulnerable to fire.
Your flesh is cold resistant.
You are immune to negative energy.
Your system is resistant to poisons.
You are immune to unholy pain and torment.
You can survive without breathing.


Message History

The orc wizard is severely wounded.
The orc wizard barely misses you.
Firing (i - inventory):
c - 39 bolts (quivered)
Press: ? - help, Shift-Dir - straight line, f/p - orc wizard
Aim: an orc wizard, wielding a dagger and wearing a robe (severely wounded, fast)
You shoot a bolt. The bolt closely misses the orc wizard.
The orc wizard glows brightly for a moment.
The orc hits you. The orc wizard barely misses you.
Firing (i - inventory):
c - 38 bolts (quivered)
Press: ? - help, Shift-Dir - straight line, f/p - orc wizard
Aim: an orc wizard, wielding a dagger and wearing a robe (severely wounded, fast)
You shoot a bolt. The bolt hits the orc wizard.
The orc wizard is almost dead.
The orc wizard hits you with a dagger.
* * * LOW HITPOINT WARNING * * *
The orc wizard hits you but does no damage.
The orc hits you but does no damage. The orc wizard casts a spell at you.
The puff of flame hits you! The fire burns you terribly!
You die...

####..###############
..(.....)......(....#
#.$............###.#
###.o....#######.###.#
.((....o.# #...##.#
#..(((.# #...##.#
#......######o(.##.#
###.##.(.oooo#o###.######
#. #######.#@# #......# .
#.#.# ######.# ## #.#.#
#.# #.#<.. #.# #####.#...
#.# #.....#... #.#
#.######.# #.# #.# #.#
#†# #.# #.# #.#


You could see an orc wizard and an orc.

Vanquished Creatures
  6 adders
  3 worms
  A giant gecko (D:2)
  An ooze (D:1)
  2 ball pythons (D:1)
  9 bats
  A giant cockroach (D:1)
  13 goblins
  12 hobgoblins
  7 giant newts
  7 jackals
  10 kobolds
  7 rats (D:1)
79 creatures vanquished.

Notes
Turn   | Place    | Note
--------------------------------------------------------------
     0 | D:1      | Medar, the Mummy Hunter, began the quest for the Orb.
     0 | D:1      | Reached XP level 1. HP: 16/16 MP: 1/1
   164 | D:1      | Reached skill level 1 in Short Blades
   176 | D:1      | Reached XP level 2. HP: 9/22 MP: 2/2
   855 | D:1      | Reached XP level 3. HP: 20/27 MP: 3/3
  2206 | D:2      | Reached XP level 4. HP: 11/33 MP: 4/4
  2297 | D:2      | Noticed Ijyb
  2889 | D:2      | Noticed Sigmund
  4947 | D:3      | Reached XP level 5. HP: 23/38 MP: 5/5
  5226 | D:3      | Killed from afar by an orc wizard

Action                   |  1- 3 |  4- 6 || total
-------------------------+-------+-------++-------
Melee: Short sword       |   165 |   260 ||   425
 Fire: Hand crossbow     |    38 |    13 ||    51
  Use: Scroll            |       |     4 ||     4
 Stab: Sleeping          |     1 |       ||     1
